[Event "18th Prague Open-A 2019"]
[Site "Prague"]
[Date "2019.01.17"]
[Round "8"]
[White "Zhang, Xiaopeng"]
[Black "Krivonosov, Oleg"]
[Result "1/2-1/2"]
[ECO "D30"]
[WhiteElo "2299"]
[BlackElo "2390"]
[Annotator "NA"]
[PlyCount "112"]
[EventDate "2019.01.11"]
[EventType "swiss"]
[EventCountry "CZE"]
[SourceTitle "playchess.com"]
[Source "ChessBase"]
[SourceQuality "1"]
[TimeControl "40/5400+30:1800+30"]

1. d4 d5 2. c4 e6 3. Nf3 Nf6 4. g3 Bb4+ 5. Bd2 Be7 6. Bg2 O-O 7. O-O c6 8. b3 Nbd7 9. Nc3 b6 10. Qc2 Bb7 11. Bf4 Rc8 12. Rfd1 c5 13. Nb5 cxd4 14. Nd6 Bxd6 15. Bxd6 Re8 16. Nxd4 Nc5 17. Bxc5 bxc5 18. Nb5 Qb6 19. e3 Red8 20. Rd2 Bc6 21. Nc3 d4 22. exd4 Bxg2 23. Kxg2 cxd4 24. Ne4 Qc6 25. Re1 h6 26. f3 Nd5 27. Qd1 Ne7 28. Rxd4 Qb6 29. Nd6 Rc6 30. Nb5 Rxd4 31. Qxd4 Qxd4 32. Nxd4 Rd6 33. Re4 Kf8 34. c5 Rd5 35. b4 e5 36. Nb3 f5 37. Rc4 a6 38. Kf2 Rd1 39. Rc1 Rxc1 40. Nxc1 Nd5 41. a3 Ke7 42. Ke2 g5 43. Kd3 h5 44. Ne2 g4 45. fxg4 hxg4 46. Nc3 Nf6 47. Ke3 Kd7 48. Kd3 f4 49. gxf4 exf4 50. Ne4 Nh5 51. a4 g3 52. hxg3 fxg3 53. Ke3 Kc6 54. Kf3 g2 55. Kxg2 Nf4+ 56. Kf3 Nd5 1/2-1/2

[Event "18th Prague Open-A 2019"]
[Site "Prague"]
[Date "2019.01.17"]
[Round "8"]
[White "Gomes, Mary Ann"]
[Black "Kacharava, Nikolozi"]
[Result "1/2-1/2"]
[ECO "A06"]
[WhiteElo "2296"]
[BlackElo "2397"]
[Annotator "NA"]
[PlyCount "103"]
[EventDate "2019.01.11"]
[EventType "swiss"]
[EventCountry "CZE"]
[SourceTitle "playchess.com"]
[Source "ChessBase"]
[SourceQuality "1"]
[TimeControl "40/5400+30:1800+30"]

1. Nf3 d5 2. g3 Nf6 3. Bg2 g6 4. b3 Bg7 5. Bb2 c5 6. e3 Nc6 7. Ne5 O-O 8. O-O Qc7 9. Nxc6 bxc6 10. d3 e5 11. c4 d4 12. exd4 cxd4 13. Ba3 Re8 14. Nd2 Rb8 15. b4 Bg4 16. Qa4 Be2 17. Qxc6 Qxc6 18. Bxc6 Re6 19. Rfe1 Bxd3 20. b5 a6 21. Nb3 axb5 22. Bxb5 Bc2 23. Nc5 Reb6 24. Bb4 Rxb5 25. cxb5 Nd5 26. a3 Rxb5 27. Rac1 Nxb4 28. axb4 d3 29. Rcd1 Bxd1 30. Rxd1 Rxb4 31. Rxd3 Rb8 32. g4 Rc8 33. Rd5 f6 34. h4 h6 35. Kg2 Rc7 36. Kf3 Kf7 37. Ke4 Bf8 38. Rd7+ Rxd7 39. Nxd7 Ke7 40. Nc5 Kd6 41. Nb7+ Ke6 42. Nd8+ Ke7 43. Nb7 Kd7 44. h5 gxh5 45. gxh5 Bb4 46. Kf5 Kc7 47. Kxf6 Kxb7 48. Kxe5 Kc6 49. f4 Bc3+ 50. Ke4 Kd6 51. f5 Ke7 52. f6+ 1/2-1/2

[Event "18th Prague Open-A 2019"]
[Site "Prague"]
[Date "2019.01.17"]
[Round "8"]
[White "Csiki, Endre"]
[Black "Low, Zhen Yu Cyrus"]
[Result "0-1"]
[ECO "B15"]
[WhiteElo "2264"]
[BlackElo "2385"]
[Annotator "NA"]
[PlyCount "96"]
[EventDate "2019.01.11"]
[EventType "swiss"]
[EventCountry "CZE"]
[SourceTitle "playchess.com"]
[Source "ChessBase"]
[SourceQuality "1"]
[TimeControl "40/5400+30:1800+30"]

1. e4 c6 2. d4 d5 3. Nc3 dxe4 4. Nxe4 Nf6 5. Nxf6+ exf6 6. c3 Bd6 7. Bd3 O-O 8. Qc2 Re8+ 9. Ne2 h5 10. Be3 Be6 11. c4 a5 12. O-O h4 13. Nc3 Na6 14. Qe2 f5 15. d5 f4 16. dxe6 Rxe6 17. Ne4 fxe3 18. Rad1 Qe7 19. Nxd6 Rxd6 20. Qxe3 Qxe3 21. fxe3 Rad8 22. Bc2 Kf8 23. Rxd6 Rxd6 24. Rd1 Rxd1+ 25. Bxd1 Ke7 26. Kf2 Nb4 27. a3 Nd3+ 28. Ke2 Nxb2 29. Bb3 a4 30. Ba2 Kd6 31. Kd2 Kc5 32. Kc3 Nd1+ 33. Kd2 Nf2 34. h3 Ne4+ 35. Kd3 Nd6 36. Kc3 f6 37. Kd3 Nf7 38. Ke4 Ne5 39. Kf5 Nxc4 40. Kg6 Nxe3 41. Kxg7 Nxg2 42. Kxf6 Nf4 43. Kg5 Nxh3+ 44. Kxh4 Nf2 45. Kg3 Ne4+ 46. Kf3 Nc3 47. Bg8 Nb5 48. Ke3 Nxa3 {[%emt 0:00:04] Kd4+} 0-1

[Event "18th Prague Open-A 2019"]
[Site "Prague"]
[Date "2019.01.17"]
[Round "8"]
[White "Mis, Mieszko"]
[Black "Lin, Yi"]
[Result "1/2-1/2"]
[ECO "D71"]
[WhiteElo "2242"]
[BlackElo "2359"]
[Annotator "NA"]
[PlyCount "48"]
[EventDate "2019.01.11"]
[EventType "swiss"]
[EventCountry "CZE"]
[SourceTitle "playchess.com"]
[Source "ChessBase"]
[SourceQuality "1"]
[TimeControl "40/5400+30:1800+30"]

1. d4 Nf6 2. c4 g6 3. g3 c6 4. Bg2 d5 5. Qa4 Nfd7 6. cxd5 Nb6 7. Qd1 cxd5 8. Nc3 Bg7 9. e3 Nc6 10. Nge2 O-O 11. O-O Bg4 12. h3 Bxe2 13. Qxe2 Rc8 14. Bd2 e6 15. Rfc1 Nc4 16. Be1 Qd7 17. b3 Nd6 18. Na4 b6 19. Qd3 Ne7 20. Bf1 Rxc1 21. Rxc1 Rc8 22. Rxc8+ Ndxc8 23. Nc3 Nc6 24. Qa6 Nb8 1/2-1/2

[Event "18th Prague Open-A 2019"]
[Site "Prague"]
[Date "2019.01.17"]
[Round "8"]
[White "Sindler, Michal"]
[Black "Gschnitzer, Oswald"]
[Result "1/2-1/2"]
[ECO "B30"]
[WhiteElo "2221"]
[BlackElo "2370"]
[Annotator "NA"]
[PlyCount "109"]
[EventDate "2019.01.11"]
[EventType "swiss"]
[EventCountry "CZE"]
[SourceTitle "playchess.com"]
[Source "ChessBase"]
[SourceQuality "1"]
[TimeControl "40/5400+30:1800+30"]

1. e4 c5 2. Nf3 Nc6 3. Bb5 d6 4. Bxc6+ bxc6 5. O-O Bg4 6. h3 Bh5 7. c3 Nf6 8. Re1 e6 9. d4 Nd7 10. Nbd2 Be7 11. b3 O-O 12. Bb2 d5 13. c4 cxd4 14. g4 Bg6 15. Nxd4 Bc5 16. cxd5 cxd5 17. exd5 exd5 18. Qf3 Nf6 19. Nf5 d4 20. Re5 Rc8 21. Nc4 Re8 22. Rd1 Rxe5 23. Nxe5 Bxf5 24. Qxf5 Rc7 25. Nf3 g6 26. Qe5 Bb6 27. Bxd4 Bxd4 28. Rxd4 Nd7 29. Qd6 Qc8 30. Rf4 Nf8 31. Qd5 Rc1+ 32. Kg2 Ne6 33. Rc4 Rxc4 34. Qxc4 Qb7 35. Qc1 g5 36. Qe3 h6 37. h4 Nf4+ 38. Kh2 Qc7 39. hxg5 Ne6+ 40. Kg1 hxg5 41. Nxg5 Nf4 42. Ne4 Qe5 43. Ng3 Qa1+ 44. Kh2 Qf6 45. Nf5 Ne6 46. Qxa7 Qe5+ 47. Ng3 Qf4 48. Qe3 Qxg4 49. Qe4 Qd1 50. Qe2 Qd5 51. Qg4+ Kf8 52. Qb4+ Kg8 53. Qb8+ Kg7 54. Qb4 Qf3 55. Kg1 1/2-1/2

[Event "18th Prague Open-A 2019"]
[Site "Prague"]
[Date "2019.01.17"]
[Round "8"]
[White "Schnabel, Ralf"]
[Black "Szpar, Milosz"]
[Result "0-1"]
[ECO "B34"]
[WhiteElo "2206"]
[BlackElo "2339"]
[Annotator "NA"]
[PlyCount "76"]
[EventDate "2019.01.11"]
[EventType "swiss"]
[EventCountry "CZE"]
[SourceTitle "playchess.com"]
[Source "ChessBase"]
[SourceQuality "1"]
[TimeControl "40/5400+30:1800+30"]

1. e4 c5 2. Nf3 Nc6 3. d4 cxd4 4. Nxd4 Nf6 5. Nc3 e5 6. Ndb5 d6 7. Nd5 Nxd5 8. exd5 Nb8 9. c4 a6 10. Nc3 Be7 11. Be2 O-O 12. O-O f5 13. a3 Nd7 14. b4 a5 15. Bb2 b6 16. Qb3 Kh8 17. Rae1 g5 18. g3 Rf6 19. f4 gxf4 20. gxf4 Rh6 21. Bf3 Bf6 22. Bg2 Rg6 23. Re2 exf4 24. Rxf4 Ne5 25. Nb5 axb4 26. axb4 Rg5 27. Nd4 Qc7 28. Nc6 Bb7 29. Kf1 Bxc6 30. dxc6 Rag8 31. b5 Qg7 32. Qc2 Ng4 33. Bxf6 Qxf6 34. Ke1 Ra8 35. Qb3 Qa1+ 36. Kd2 Ra2+ 37. Qc2 Rxc2+ 38. Kxc2 Ne3+ 0-1

[Event "18th Prague Open-A 2019"]
[Site "Prague"]
[Date "2019.01.18"]
[Round "9"]
[White "Gschnitzer, Oswald"]
[Black "Riha, Vojtech"]
[Result "1/2-1/2"]
[ECO "E61"]
[WhiteElo "2370"]
[BlackElo "2145"]
[Annotator "NA"]
[PlyCount "48"]
[EventDate "2019.01.11"]
[EventType "swiss"]
[EventCountry "CZE"]
[SourceTitle "playchess.com"]
[Source "ChessBase"]
[SourceQuality "1"]
[TimeControl "40/5400+30:1800+30"]

1. Nf3 Nf6 2. c4 d6 3. d4 g6 4. Nc3 Bg7 5. Bg5 h6 6. Bh4 Nbd7 7. e3 O-O 8. Qc2 a6 9. Be2 c6 10. O-O b5 11. b4 $11 {[%emt 0:10:42] LiveBook: 3 Games} Nb6 12. c5 Nc4 13. a4 d5 14. Bxf6 Bxf6 15. e4 dxe4 16. Qxe4 Bf5 17. Qxc6 Bxd4 18. axb5 Bxc3 19. Rad1 Qc8 20. Qxc8 Rfxc8 21. Bxc4 axb5 22. Bxb5 Bxb4 23. c6 Ra5 24. Nd4 Bc5 1/2-1/2